 Dungeon Crawl Stone Soup version 0.30.1-11-g7821555f0a (webtiles) character file.

Game seed: 4744902007522129435

251 Bronimir the Cudgeller (level 5, -6/53 HPs)
             Began as a Troll Fighter on Jan 4, 2024.
             Mangled by a gnoll
             ... wielding a +0 halberd
              (8 damage)
             ... on level 4 of the Dungeon.
             The game lasted 00:04:40 (1791 turns).

Bronimir the Cudgeller (Troll Fighter)              Turns: 1791, Time: 00:04:41

Health: -6/53      AC:  4    Str: 26    XL:     5   Next: 88%
Magic:  5/5        EV: 15    Int:  4    God:
Gold:   173        SH:  0    Dex:  9    Spells: 5/5 levels left

rFire   . . .        a - +0 flail
rCold   . . .        n - orb {light}
rNeg    . . .        b - +0 robe
rPois   .            (helmet restricted)
rElec   .            (no cloak)
rCorr   .            (gloves unavailable)
SInv    .            (boots unavailable)
Will    .....        (no amulet)
Stlth   +            p - +5 ring of evasion
HPRegen 1.08/turn    r - +4 ring of slaying
MPRegen 0.09/turn

%: no passive effects
@: glowing
A: large, unfitting armour, claws 3, regeneration 1, shaggy fur 1, tough skin 1
a: no special abilities


You were on level 4 of the Dungeon.
You visited 1 branch of the dungeon, and saw 4 of its levels.

You collected 173 gold pieces.

Inventory:

Hand Weapons
 a - a +0 flail (weapon)
Missiles
 f - 2 poisoned darts (quivered)
 m - 8 stones
Armour
 b - a +0 robe (worn)
 c - a +0 kite shield
 n - an orb of light (worn)
Jewellery
 p - a +5 ring of evasion (left claw)
 r - a +4 ring of slaying (right claw)
Scrolls
 g - a scroll of blinking {unknown}
 h - 8 scrolls of identify {unknown}
 i - 4 scrolls of noise {unknown}
 j - a scroll of silence {unknown}
 k - a scroll of fear {unknown}
 o - a scroll of magic mapping {unknown}
 q - a scroll of torment {unknown}
Potions
 d - a potion of might
 e - a potion of lignification


   Skills:
 + Level 3.0 Fighting
 * Level 4.0 Maces & Flails
 + Level 3.1 Dodging
 * Level 3.4 Shields
 * Level 0.7 Spellcasting


You had 5 spell levels left.
You didn't know any spells.
Your spell library contained the following spells:

 Spells                   Type           Power      Damage    Failure   Level
 Magic Dart               Conj           0%         1d3       47%         1
 Call Imp                 Summ           0%         N/A       63%         2
 Call Canine Familiar     Summ           0%         N/A       85%         3
 Gell's Gravitas          Tloc           0%         N/A       85%         3
 Mephitic Cloud           Conj/Pois/Air  0%         N/A       85%         3
 Portal Projectile        Hex/Tloc       0%         N/A       85%         3
 Stone Arrow              Conj/Erth      0%         3d7       85%         3
 Teleport Other           Tloc           0%         N/A       85%         3
 Animate Armour           Summ/Erth      0%         N/A       99%         4
 Leda's Liquefaction      Hex/Erth       0%         N/A       99%         4
 Blade Hands              Tmut           0%         N/A       100%        5
 Dispersal                Tloc           0%         N/A       100%        6
 Iron Shot                Conj/Erth      0%         9d1       100%        6
 Lehudib's Crystal Spear  Conj/Erth      0%         10d2      100%        8


Dungeon Overview and Level Annotations

Branches:
Dungeon (4/15)
 Temple: D:4-7

Altars:
Hepliaklqana
Kikubaaqudgha

Shops:
D:2 !

Annotations:
D:4 2 transporters, hawla's ghost, amateur DEFE


Innate Abilities, Weirdness & Mutations

You are too large for most types of armour.
You have claws for hands.
Your natural rate of healing is unusually fast.
You are covered in fur. (AC +1)
You have tough skin. (AC +1)


Message History

You now have 173 gold pieces (gained 5).
Things that are here:
a +0 whip; an orc corpse; a hound corpse Done exploring.
Done exploring.
Done exploring.
Done exploring.
(D) Dungeon
Where to? (Enter - D:4, ? - help)
There is a stone staircase leading down, spattered with blood here.
You see here a +0 dagger.
You climb downwards.
Level annotation: 2 transporters, hawla's ghost, amateur DEFE The gnoll throws a throwing net.
The throwing net hits you.
You become entangled in the net!
The gnoll hits you from afar with a +0 spear.
The gnoll barely misses you.
There is a stone staircase leading up, spattered with blood here.
You see here a throwing net.
You tear a large gash into the net.
The gnoll hits you from afar with a +0 spear.
The gnoll barely misses you.
The gnoll hits you from afar with a +0 halberd!
You struggle against the net.
The gnoll closely misses you.
The gnoll hits you from afar with a +0 halberd.
A gnoll comes into view. It is wielding a +0 spear.
The gnoll hits you from afar with a +0 spear.
Unknown command.
You struggle against the net.
The gnoll hits you from afar with a +0 spear.
The gnoll hits you from afar with a +0 halberd!
* * * LOW HITPOINT WARNING * * *
The gnoll hits you from afar with a +0 halberd!
* * * LOW HITPOINT WARNING * * *
You feel better. The gnoll closely misses you. x2
The gnoll hits you from afar with a +0 halberd!
* * * LOW HITPOINT WARNING * * *
You rip the net and break free!
The gnoll hits you but does no damage.
The gnoll hits you from afar with a +0 halberd!
You die...

##..............##
##................#
##.................####
##......................
#.......................
#.............#########.
#............##......©##
#............#8.......8#
#......@...?.#o........#
.........gg...#K........#
........gg...©#[...©....#
#.......(.)..#$........#
#......g..[..#.....[..o#
#..>.........#8.......8#
.............##.......##
..............#########.
#........#.............


You could see 4 gnolls, an orc, a hobgoblin and a kobold.

Vanquished Creatures
  A black bear (D:3)
  A hound (D:3)
  An iguana (D:3)
  2 adders (D:2)
  2 worms (D:3)
  3 dart slugs
  6 orcs
  8 endoplasms
  3 giant cockroaches
  3 goblins
  7 hobgoblins
  6 quokkas
  5 ball pythons
  4 bats
  2 frilled lizards (D:2)
  7 kobolds
  6 rats
67 creatures vanquished.

Notes
Turn   | Place    | Note
-------+----------+-------------------------------------------
     0 | D:1      | Bronimir the Troll Fighter began the quest for the Orb.
     0 | D:1      | Reached XP level 1. HP: 22/22 MP: 0/0
   107 | D:1      | Reached XP level 2. HP: 29/29 MP: 1/1
   279 | D:1      | Reached skill level 2 in Maces & Flails
   559 | D:2      | Found Ykayrrus's Distillery.
   603 | D:2      | Reached XP level 3. HP: 36/36 MP: 2/2
   629 | D:2      | Found a hazy altar of Hepliaklqana.
   945 | D:2      | Reached XP level 4. HP: 44/44 MP: 3/3
  1125 | D:3      | Noticed a black bear
  1135 | D:3      | Killed a black bear
  1136 | D:3      | Reached skill level 3 in Maces & Flails
  1136 | D:3      | Reached XP level 5. HP: 32/52 MP: 4/4
  1274 | D:3      | Found an ancient bone altar of Kikubaaqudgha.
  1622 | D:4      | Found a transporter.
  1622 | D:4      | Noticed hawla's ghost (amateur DEFE)
  1627 | D:4      | Found a transporter.
  1720 | D:3      | Reached skill level 4 in Maces & Flails
  1790 | D:4      | HP: 1/53 [gnoll/+0 halberd (11)]
  1791 | D:4      | Mangled by a gnoll

Illustrated notes

Levels and vault maps discovered:
D:1:      heliophobic_arrival_ceremonial_halls, layout_rooms, serial_glass,
          glass_columns_a, glass_columns_a, glass_columns_a, glass_columns_a,
          glass_columns_a, glass_columns_a, glass_columns_a, glass_columns_c,
          hangedman_decor_peaks_small
D:2:      minmay_alternating_diamond, layout_basic, basic_altar, serial_shops,
          shop, hangedman_feature_mirror
D:3:      layout_basic, mainiacjoe_overflow_boulevard
D:4:      layout_rooms, minmay_temple_entry_poolview, serial_shops,
          kennysheep_mini, gammafunk_ghost_arena

Skill      XL: |  1  2  3  4  5 |
---------------+----------------+-----
Maces & Flails | 2 3 4 |  4.0
Shields        | 3 |  3.4
Dodging        | 3 |  3.1
Fighting       | 3 |  3.0
Spellcasting   | |  0.7

Action                     |  1- 3 |  4- 6 || total
---------------------------+-------+-------++-------
  Melee: Flail             |   145 |    55 ||   200
    Use: Potion            |       |     6 ||     6
 Armour: Robe              |    64 |    18 ||    82
         Skin              |       |    23 ||    23
  Dodge: Dodged            |    66 |    34 ||   100
  Block: Kite shield       |    68 |       ||    68
